 Dungeon Crawl Stone Soup version 0.28.0 (webtiles) character file.

Game seed: 4962693526642100031

88 horus123 the Skirmisher (level 4, -4/37 HPs)
             Began as a Barachi Gladiator on Feb 16, 2022.
             Splashed by a jelly's acid (9 damage)
             ... on level 2 of the Dungeon.
             The game lasted 00:02:59 (1439 turns).

horus123 the Skirmisher (Barachi Gladiator)         Turns: 1439, Time: 00:03:00

Health: -4/37      AC:  0    Str: 16    XL:     4   Next: 54%
Magic:  8/8        EV: 12    Int: 10    God:
Gold:   42         SH:  0    Dex: 13    Spells: 5/8 levels left

rFire   . . .      SeeInvis .   a - +0 long sword
rCold   . . .      Faith    .   (no shield)
rNeg    . . .      Spirit   .   b - +0 leather armour
rPois   .          Reflect  .   c - +0 helmet
rElec   .          Harm     .   (no cloak)
rCorr   .          Rampage  .   (no gloves)
Will    .....                   (no boots)
Stlth   +.........              (no amulet)
HPRegen 0.12/turn               (no ring)
MPRegen 0.11/turn               (no ring)

@: corroded, slow
A: amphibious, slowness 1, strong legs 1, +LOS, claws 1
a: Hop


You were on level 2 of the Dungeon.
You visited 1 branch of the dungeon, and saw 2 of its levels.

You collected 42 gold pieces.

Inventory:

Hand Weapons
 a - a +0 long sword (weapon)
Missiles
 d - 3 throwing nets (quivered)
 l - 71 stones
Armour
 b - a +0 leather armour (worn)
 c - a +0 helmet (worn)
Scrolls
 f - a scroll of holy word {unknown}
 h - a scroll of fear {unknown}
 i - 2 scrolls of identify {unknown}
Potions
 g - a potion of might {unknown}
 j - a potion of ambrosia {unknown}
 k - a potion of curing


   Skills:
 - Level 4.0 Fighting
 - Level 4.0 Long Blades
 - Level 2.0 Throwing
 - Level 3.2 Dodging
 + Level 2.6 Spellcasting


You had 5 spell levels left.
You knew the following spells:

 Your Spells              Type           Power      Damage    Failure   Level
a - Stone Arrow           Conj/Erth      2%         3d7       71%         3

Your spell library contained the following spells:

 Spells                   Type           Power      Damage    Failure   Level
 Beastly Appendage        Tmut           2%         N/A       34%         1
 Sandblast                Erth           2%         2d4       34%         1
 Passwall                 Tmut/Erth      0%         N/A       47%         2
 Wereblood                Tmut           1%         N/A       47%         2
 Spider Form              Tmut/Pois      1%         N/A       71%         3


Dungeon Overview and Level Annotations

Branches:
Dungeon (2/15)

Altars:


Innate Abilities, Weirdness & Mutations

You are amphibious.
You cover ground slowly.
You can hop short distances.
You have an extended range of vision and can be seen from far away.
You have sharp fingernails.


Message History

The endoplasm freezes you.
You are frozen.
You are too injured to fight recklessly!
You are too injured to fight recklessly!
You are too injured to fight recklessly!
Unknown command.
You are too injured to fight recklessly!
You hit the endoplasm.
You kill the endoplasm!
The endoplasm hits you but does no damage.
You slash the endoplasm!
You kill the endoplasm!
You see here a +0 short sword.
You see here a +0 short sword.
It was a potion of mutation.
You feel extremely strange.
Your fingernails lengthen.
The endoplasm quivers.
It was a potion of curing.
You feel better.
You hit the jelly but do no damage.
Your claws burn!
Your claw misses the jelly. The jelly misses you.
You hit the jelly.
Your claws burn!
The jelly is lightly wounded.
The jelly hits you.
You are splashed with acid.
* * * LOW HITPOINT WARNING * * *
The jelly hits you.
* * * LOW HITPOINT WARNING * * *
You are splashed with acid.
* * * LOW HITPOINT WARNING * * *
The jelly hits you but does no damage.
There is an open door here.
The jelly completely misses you.
There is an open gate here.
The jelly hits you but does no damage.
Items here: )))) ††††.
Items here: ))) †.
The jelly hits you but does no damage. The jelly hits you.
* * * LOW HITPOINT WARNING * * *
The acid corrodes you!
You are splashed with acid!
You die...

#.#.###.#.##$.÷P.÷...#
#.#####.#.##÷.JP.P...#
#.......#.##.P.P.....#
#########.##....J..P.#
.........##.....PJ..#
########.##.J..J...÷#
#.# #######'#
#.###..J)..##
#@##.########
#J###..'....#
#J######....#
#..##.......#
##.##.).....#
#.##.......#
#.##......)#
#)###.....##
#)####...##


You could see a jelly and an endoplasm.

Vanquished Creatures
  A jelly (D:2)
  An adder (D:2)
  A dart slug (D:1)
  6 ball pythons
  7 endoplasms (D:2)
  11 jackals
  A quokka (D:1)
  2 bats (D:1)
  11 kobolds
41 creatures vanquished.

Vanquished Creatures (others)
  A fungus (D:2)
  3 plants (D:1)
  9 toadstools (D:2)
13 creatures vanquished.

Grand Total: 54 creatures vanquished

Notes
Turn   | Place    | Note
-------+----------+-------------------------------------------
     0 | D:1      | horus123 the Barachi Gladiator began the quest for the Orb.
     0 | D:1      | Reached XP level 1. HP: 17/17 MP: 1/1
   146 | D:1      | Reached XP level 2. HP: 14/24 MP: 2/2
   896 | D:1      | Reached XP level 3. HP: 30/30 MP: 3/3
  1246 | D:2      | Reached skill level 1 in Spellcasting
  1278 | D:2      | Learned a level 3 spell: Stone Arrow
  1399 | D:2      | Reached XP level 4. HP: 20/37 MP: 5/7
  1409 | D:2      | Gained mutation: You have sharp fingernails. [potion of
                  | mutation]
  1439 | D:2      | Splashed by a jelly's acid

Illustrated notes

Levels and vault maps discovered:
D:1:      minmay_arrival_four_houses, layout_rooms, serial_bayou_lagoon_a,
          serial_park_tiny_1, minmay_tromino_v2
D:2:      cheibrodos_fertilizer, layout_basic,
          hellmonk_ecumenical_altar_watching_god, nicolae_grassy_gnolls

Skill      XL: |  1  2  3 |
---------------+----------+-----
Fighting       | 3 4 |  4.0
Long Blades    | 4 |  4.0
Spellcasting   | 2 |  2.6
Throwing       | |  2.0
Dodging        | |  3.2

Action                   |  1- 3 |  4- 6 || total
-------------------------+-------+-------++-------
Melee: Long sword        |    97 |     6 ||   103
       Punch             |     1 |     1 ||     2
  Use: Potion            |       |     2 ||     2
 Stab: Sleeping          |     2 |       ||     2
Armor: Leather armour    |    48 |     4 ||    52
Dodge: Dodged            |    88 |     4 ||    92
